AoeStats
← ivcrk826

Pilgrims

509631454Analyzed
4v4 RM · 3d ago on Sep 27, 2026· 24m 8s· 8 players
Game mode
Random Map
Map size
Large (8 player)
Population
200
Speed
Normal
Resources
Standard
Victory
Conquest
Starting age
Dark Age
Ending age
Imperial Age
RankedLock teamsTeams togetherTeam positionsShared explorationLock speedFull tech treeHidden civsTurbo modeCheats
Victory
Defeat
1426
+12
🇦🇷 Mongols · Argentina
1426
+12
🇦🇷 Persians · Argentina
1337
+16
🇧🇷 Varangians · Brazil
1308
+18
🇮🇳 Vikings · India
1400
-17
🇿🇦 Japanese · South Africa
1331
-14
🇭🇰 Dravidians · Hong Kong SAR China
1318
-14
🇨🇳 Franks · China
1309
-13
Theoden_King
9:14 Loom
12:34 Feudal Age
13:05 Double-Bit Axe
13:04 Fishing Lines
16:38 Forging
16:19 Fletching
21:17 Castle Age
22:13 Bodkin Arrow
21:48 Elite Skirmisher
Lilith Realm
6:53 Loom
6:58 Loom
11:10 Feudal Age
11:59 Double-Bit Axe
14:03 Fishing Lines
14:51 Fletching
21:01 Castle Age
20:04 Wheelbarrow
21:39 Bodkin Arrow
21:56 Medium Warships
NOT TODAY
9:07 Loom
11:19 Feudal Age
11:54 Double-Bit Axe
20:04 Castle Age
21:31 Medium Warships
23:10 Fletching
默默发育
10:45 Feudal Age
11:42 Loom
13:48 Fletching
19:03 Castle Age
17:58 Double-Bit Axe
ivcrk826
5:29 Loom
10:19 Feudal Age
11:13 Double-Bit Axe
14:14 Castle Age
13:54 Fletching
14:52 Bodkin Arrow
15:54 Padded Archer Armor
16:52 Bow Saw
16:35 Stone Mining
16:37 Gold Mining
18:22 Gold Shaft Mining
22:20 Bloodlines
BaianinhoDeMaua
7:51 Loom
9:03 Loom
12:06 Feudal Age
17:25 Castle Age
ASTORONGA
6:56 Loom
8:52 Feudal Age
10:53 Double-Bit Axe
11:13 Loom
18:54 Castle Age
18:24 Stone Mining
Advanced Micro Devices
1:06 Double-Bit Axe
4:42 Fishing Lines
7:57 Loom
10:33 Feudal Age
11:45 Bow Saw
14:24 Gold Mining
16:26 Fletching
16:47 Forging
19:34 Castle Age
19:35 Gold Shaft Mining
19:39 Demolition Ship
20:37 Medium Warships
21:08 Iron Casting
Connection lost

Rejoining the realm…

Still unreachable

The connection could not be restored.

Session expired

The server has moved on; the page needs a fresh start.